 Dungeon Crawl Stone Soup version 0.22.0-6-g71bd7aa (webtiles) character file.

88228 magipi the Covert (level 15, -3/106 HPs)
             Began as a Gnoll Assassin on Aug 15, 2018.
             Was a High Priest of Hepliaklqana.
             Slain by an ogre mage
             ... wielding a +0 halberd of protection
              (10 damage)
             ... on level 15 of the Dungeon.
             The game lasted 02:23:51 (32275 turns).

magipi the Covert (Gnoll Assassin)                 Turns: 32275, Time: 02:23:53

Health: -3/106     AC: 13    Str: 17    XL:     15   Next: 93%
Magic:  29/29      EV: 27    Int: 16    God:    Hepliaklqana [*****.]
Gold:   1628       SH:  0    Dex: 22    Spells: 19/34 levels left

rFire    + . .     SeeInvis +   b - +3 whip (elec)
rCold    + . .     Gourm    .   (no shield)
rNeg     . . .     Faith    .   F - +2 robe {rC+ rF+}
rPois    .         Spirit   .   c - +2 helmet
rElec    .         Reflect  .   V - +0 cloak
rCorr    .         Harm     .   K - +0 pair of gloves
MR       +....                  n - +1 pair of boots
Stlth    +++++++...             (no amulet)
HPRegen  0.27/turn              i - ring of see invisible
MPRegen  0.21/turn              u - ring of wizardry

@: agile, about to teleport, berserk cooldown, very slightly contaminated,
slowed, invisible, very slow
A: distributed training, reduced essence, fangs 1, strong nose
a: Recall Ancestor, Ancestor Identity, Transference, Idealise, Renounce Religion


You were on level 15 of the Dungeon.
You worshipped Hepliaklqana.
Hepliaklqana was extremely pleased with you.
You were not hungry.

You visited 4 branches of the dungeon, and saw 24 of its levels.
You also visited: Sewer and Ice Cave.

You collected 1924 gold pieces.
You spent 296 gold pieces at shops.

Inventory:

Hand Weapons
 a - a +1 dagger of draining
   (You took it off an orc wizard on level 1 of the Orcish Mines)
 b - a +3 whip of electrocution (weapon)
   (You found it on level 7 of the Dungeon)
 g - a +6 demon trident
   (You took it off Urug on level 1 of the Orcish Mines)
 w - a +1 blowgun
Missiles
 y - 9 javelins (quivered)
 B - a curare-tipped needle
 M - 2 throwing nets
 N - 115 poisoned needles
Armour
 c - a +2 helmet (worn)
   (You found it on level 5 of the Lair of Beasts)
 k - a +1 robe of magic resistance
   (You took it off an orc sorcerer on level 2 of the Orcish Mines)
 n - a +1 pair of boots (worn)
   (You found it on level 1 of the Lair of Beasts)
 F - a +2 robe of resistance (worn)
   (You took it off an orc wizard on level 2 of the Orcish Mines)
 K - a +0 pair of gloves (worn)
   (You found it on level 11 of the Dungeon)
 R - a scarf of cloud immunity
   (You found it on level 2 of the Orcish Mines)
 V - a +0 cloak (worn)
   (You took it off Crazy Yiuf on level 2 of the Dungeon)
Jewellery
 i - a ring of see invisible (left hand)
   (You took it off a centaur on level 14 of the Dungeon)
 u - a ring of wizardry (right hand)
   (You took it off a centaur on level 4 of the Dungeon)
Wands
 d - a wand of random effects (23)
   (You took it off Sigmund on level 2 of the Dungeon)
 s - a wand of polymorph (44)
   (You found it on level 2 of the Dungeon)
 t - a wand of flame (40)
   (You took it off Robin on level 2 of the Dungeon)
 v - a wand of acid (2)
   (You found it on level 2 of the Lair of Beasts)
 z - a wand of paralysis (6)
   (You found it on level 8 of the Dungeon)
 E - a wand of clouds (3)
   (You took it off Maurice on level 8 of the Dungeon)
 P - a wand of disintegration (8)
   (You found it in an ice cave)
 T - a wand of iceblast (36)
   (You found it in an ice cave)
Scrolls
 e - 2 scrolls of magic mapping
 h - 3 scrolls of enchant weapon
 j - 7 scrolls of identify
 l - a scroll of fog
 m - 8 scrolls of remove curse
 D - 8 scrolls of teleportation
 J - 6 scrolls of amnesia
Potions
 f - a potion of brilliance
 o - 2 potions of flight
 p - 4 potions of curing
 q - 3 potions of resistance
 r - a potion of ambrosia
 A - 3 potions of berserk rage
 L - a potion of might
 O - 3 potions of mutation
 Q - 2 potions of haste
 S - a potion of lignification
 U - 2 potions of cancellation
Miscellaneous
 I - a lamp of fire (inert)
   (You found it on level 14 of the Dungeon)
Comestibles
 x - 37 rations


   Skills:
 + Level 11.1 Fighting
 + Level 11.1 Short Blades
 + Level 10.2 Long Blades
 + Level 10.2 Axes
 + Level 10.2 Maces & Flails
 + Level 10.2 Polearms
 + Level 10.2 Staves
 + Level 10.2 Slings
 + Level 10.2 Bows
 + Level 10.2 Crossbows
 + Level 11.1 Throwing
 + Level 10.2 Armour
 + Level 10.5 Dodging
 + Level 12.5 Stealth
 + Level 10.2 Shields
 + Level 10.2 Unarmed Combat
 + Level 10.2 Spellcasting
 + Level 8.6 Conjurations
 + Level 8.6 Hexes
 + Level 8.6 Charms
 + Level 8.6 Summonings
 + Level 8.6 Necromancy
 + Level 8.6 Translocations
 + Level 8.6 Transmutations
 + Level 8.6 Fire Magic
 + Level 8.6 Ice Magic
 + Level 8.6 Air Magic
 + Level 8.6 Earth Magic
 + Level 8.6 Poison Magic
 + Level 11.1 Invocations
 + Level 10.2 Evocations


You had 19 spell levels left.
You knew the following spells:

 Your Spells              Type           Power        Failure   Level  Hunger
c - Confuse               Hex            #####...     1%          3    None
h - Ensorcelled Hibernat  Hex/Ice        #####.       1%          2    None
i - Summon Ice Beast      Ice/Summ       #####...     1%          4    ###....
o - Ozocubu's Armour      Chrm/Ice       #####...     1%          3    None
t - Tukima's Dance        Hex            #####...     1%          3    None

Your spell library contained the following spells:

 Spells                   Type           Power        Failure   Level  Hunger
 Magic Dart               Conj           ####         1%          1    None
 Bolt of Cold             Conj/Ice       #####.....   16%         6    ######.
 Throw Frost              Conj/Ice       #####.       1%          2    None
 Freezing Cloud           Conj/Ice/Air   #####.....   16%         6    ######.
 Mephitic Cloud           Conj/Pois/Air  #####...     1%          3    None
 Venom Bolt               Conj/Pois      #####.....   2%          5    #####..
 Olgreb's Toxic Radiance  Pois           #####...     1%          4    ###....
 Iskenderun's Mystic Bla  Conj           #####...     1%          4    ###....
 Freeze                   Ice            ####         1%          1    None
 Ozocubu's Refrigeration  Ice            #####.....   16%         6    ######.
 Sting                    Conj/Pois      ####         1%          1    None
 Ice Form                 Ice/Tmut       #####...     1%          4    ###....
 Throw Icicle             Conj/Ice       #####...     1%          4    ###....
 Confusing Touch          Hex            #####.       1%          1    None
 Metabolic Englaciation   Hex/Ice        #####.....   2%          5    #####..
 Corona                   Hex            #####..      1%          1    None
 Simulacrum               Ice/Necr       #####.....   16%         6    ######.
 Petrify                  Tmut/Erth      #####...     1%          4    ###....
 Fulminant Prism          Conj/Hex       #####.....   1%          4    ###....
 Dazzling Spray           Conj/Hex       #####.       1%          3    None
 Force Lance              Conj/Tloc      #####...     1%          4    ###....
 Searing Ray              Conj           #####.       1%          2    None
 Gell's Gravitas          Tloc           #####.....   1%          3    None
 Yara's Violent Unravell  Hex/Tmut       #####.....   2%          5    #####..
 Poisonous Vapours        Pois/Air       #####.       1%          2    None


Dungeon Overview and Level Annotations

Branches:
Dungeon (15/15)            Temple (1/1) D:6            Lair (6/6) D:11
  Swamp (0/4) Lair:2        Snake (0/4) Lair:3          Orc (2/2) D:10
    Elf (0/3) Orc:2        Vaults (0/5) D:14         Depths (0/5) D:15
  Slime: Lair:5-6

Altars:
Ashenzari
Cheibriados
Dithmenos
Elyvilon
Fedhas
Gozag
Hepliaklqana
Kikubaaqudgha
Makhleb
Nemelex Xobeh
Okawaru
Qazlal
Ru
Sif Muna
Trog
Uskayaw
Vehumet
Wu Jian
Xom
Yredelemnul
Zin
The Shining One
Beogh

Shops:
D:9 (}   Orc:2 [*(?

Annotations:
Lair:5 exclusion: oklob plant
Lair:6 dragons


Innate Abilities, Weirdness & Mutations

Your experience applies equally to all skills.
You have very sharp teeth.
Your uncanny sense of smell can sniff out nearby items.
Your life essence is reduced to manifest your ancestor. (-10% HP)


Message History

The ogre mage is lightly wounded.
You whack the ogre mage!
The ogre mage is moderately wounded.
You are no longer berserk.
You are exhausted.
You feel as though you will be slow longer.
The two-headed ogre hits you with a giant spiked club!
The two-headed ogre barely misses you. The ogre mage barely misses you.
You hit the ogre mage but do no damage. Your punch misses the ogre mage.
You bite the ogre mage, but do no damage.
The ogre mage is moderately wounded.
The ogre mage hits you but does no damage.
The two-headed ogre completely misses you. x2
Unknown command.
You hit the ogre mage but do no damage.
The ogre mage is moderately wounded.
The ogre mage hits you but does no damage.
The two-headed ogre hits you with a giant spiked club!
* * * LOW HITPOINT WARNING * * *
The two-headed ogre misses you.
Blink to where?
Press: ? - help, Dir - move target cursor You are very lightly contaminated with residual magic.
As you read the scroll of blinking, it crumbles to dust.
Your icy armour cracks and falls away as you move.
A two-headed ogre comes into view.
It is wielding a giant club and a giant spiked club.
As you read the scroll of teleportation, it crumbles to dust.
You feel strangely unstable.
Unknown command.
Your surroundings seem slightly different.
A two-headed ogre comes into view.
It is wielding a giant club and a giant spiked club.
A kobold comes into view.
Found a hunting sling.
An ogre and an ogre mage come into view.
You barely miss the two-headed ogre.
The two-headed ogre shouts in stereo!
The kobold shouts!
You bite the two-headed ogre, but do no damage.
The ogre shouts!
You hear a shout! x3
The two-headed ogre closely misses you. The two-headed ogre barely misses you.
A kobold comes into view.
The ogre mage closely misses you.
A kobold demonologist comes into view. It is wielding a dagger.
You barely miss the two-headed ogre. The two-headed ogre misses you.
The two-headed ogre hits you but does no damage.
The ogre mage completely misses you.
A freezing wraith comes into view.
The kobold shouts!
The kobold demonologist shouts!
You hit the two-headed ogre.
Lightning courses through the two-headed ogre!
You bite the two-headed ogre, but do no damage.
The two-headed ogre is heavily wounded.
The ogre mage hits you from afar with a halberd of protection!
* * * LOW HITPOINT WARNING * * *
The two-headed ogre closely misses you. The two-headed ogre barely misses you.
Okay, then.
You fade into invisibility!
The ogre mage misses you.
The two-headed ogre completely misses you.
The two-headed ogre hits you with a giant club.
* * * LOW HITPOINT WARNING * * *
The two-headed ogre completely misses you. x2
The ogre mage completely misses you.
The two-headed ogre completely misses you. x2
An ogre comes into view. It is wielding a giant club.
A kobold demonologist comes into view. It is wielding a dagger.
You feel much better.
The ogre mage seems less drained.
The ogre mage hits you from afar with a halberd of protection.
The two-headed ogre hits you with a giant spiked club!
* * * LOW HITPOINT WARNING * * *
The two-headed ogre barely misses you.
The two-headed ogre completely misses you.
The two-headed ogre misses you. The ogre mage completely misses you.
The two-headed ogre completely misses you.
The two-headed ogre barely misses you.
As you read the scroll of teleportation, it crumbles to dust.
You feel strangely unstable. The ogre mage barely misses you.
The two-headed ogre closely misses you. The two-headed ogre misses you.
A kobold comes into view.
The two-headed ogre completely misses you.
The two-headed ogre misses you.
A kobold comes into view. It is wielding a short sword.
The ogre mage closely misses you.
The kobold moves out of view. x2
You catch the helpless two-headed ogre completely off-guard!
You hit the two-headed ogre.
Lightning courses through the two-headed ogre!
The two-headed ogre is severely wounded.
The two-headed ogre shouts in stereo!
The ogre shouts!
You hear a shout!
The two-headed ogre completely misses you.
The two-headed ogre misses you. The ogre mage misses you.
The two-headed ogre hits you with a giant club!!
* * * LOW HITPOINT WARNING * * *
The two-headed ogre completely misses you.
You feel better.
The ogre mage is no longer moving quickly.
The two-headed ogre completely misses you. x2
The ogre mage casts a spell.
The ogre mage seems to speed up.
The two-headed ogre misses you.
The two-headed ogre completely misses you.
The ogre mage hits you from afar with a halberd of protection!
You die...

##........#.#,.,**,,,,,,
#....$...#.#**,,,,,,,,,
#.####.###,.*,,,*,,,,,, #.*
#.# **,.,*,,,,,,,, *#,* #.#
*,,,***,****, *,,* #.#
**,,* *,,**,, *,** #O#
*,,****,,,,, *,* #O#
*,,**,,,,,,. *,* #@#
*,,,,,*,,,,, *,* **#O#**
*,,,,,,,,,,,
****,***,WOO,***,,,,,,,,,,,
*,,,,,,,)..OO,,,,,,,,,,,,,,
*,,,,,,...KK.#*,,*,,,,,,,,,
*,,,,,.....K.#*,**,,,,,,,,,
*,,,,...##....,,,,,,,,,****
****####*#...K.,,,,,*,**,,≈
*,,,,,,,,,,,**,*,*


You could see 3 two-headed ogres, 2 ogre magi, a freezing wraith, a kobold
demonologist, 2 ogres and 3 kobolds.

Vanquished Creatures
  Saint Roka (Orc:2)
  Josephine (D:10)
  Harold (Lair:1)
  A hydra (D:14)
  A catoblepas (D:13)
  A centaur warrior (D:12)
  Erica (D:8)
  13 two-headed ogres
  3 orc high priests (Orc:2)
  Nergalle (Lair:1)
  Urug (Orc:1)
  5 skeletal warriors (D:14)
  2 unseen horrors
  6 wizards (D:12)
  5 orc knights
  2 necromancers (D:11)
  Pikel (D:5)
  3 ugly things
  2 manticores
  A deep elf mage (D:15)
  5 orc sorcerers (Orc:2)
  2 cyclopes
  3 centaur zombies
  Joseph (Lair:1)
  4 black mambas
  4 torpor snails (Lair:6)
  Maurice (D:8)
  5 spiny frogs
  2 gargoyles
  2 rime drakes
  11 freezing wraiths
  2 komodo dragons
  2 kobold demonologists
  A troll (Orc:2)
  A harpy zombie (D:15)
  4 yaktaurs (D:14)
  A wolf spider simulacrum (IceCv)
  5 hippogriffs
  8 blink frogs
  3 flying skulls (D:11)
  3 dream sheep (Lair:6)
  Sigmund (D:2)
  A shadow (D:11)
  28 yaks
  7 wraiths
  A vampire (D:12)
  A hungry ghost (D:11)
  3 wyverns
  A basilisk (Lair:2)
  A death yak simulacrum (IceCv)
  3 vampire mosquitoes (Lair:2)
  3 wargs
  An acid dragon (D:14)
  8 water moccasins
  5 porcupines
  Purgy (Sewer)
  39 orc warriors
  4 black bears
  2 sky beasts
  7 ice beasts
  2 necrophages
  4 phantoms
  10 ogres
  9 wolves
  8 centaurs
  3 big kobolds (D:14)
  9 crocodiles
  11 bullfrogs
  2 wyvern zombies
  A hexer (IceCv)
  2 wyvern skeletons (D:13)
  4 scorpions
  6 wights
  An elephant simulacrum (IceCv)
  13 killer bees
  2 howler monkeys
  3 crimson imps
  A quasit (D:8)
  3 bullfrog zombies
  4 draconian simulacra (IceCv)
  4 hounds
  6 jellies
  Crazy Yiuf (D:2)
  26 orc priests
  7 bullfrog skeletons
  15 orc wizards
  10 centaur skeletons
  Jessica (D:3)
  3 iguanas
  13 worker ants
  6 troll simulacra (IceCv)
  2 spriggan simulacra (IceCv)
  A wolf simulacrum (IceCv)
  A killer bee zombie (D:9)
  3 hound skeletons
  A howler monkey zombie (D:11)
  Robin (D:2)
  A howler monkey skeleton (D:11)
  3 worker ant zombies
  4 gnolls
  13 adders
  4 naga simulacra (IceCv)
  4 ogre simulacra (IceCv)
  A river rat (D:5)
  2 shadow imps
  7 white imps (IceCv)
  4 oozes
  2 adder zombies
  7 worms
  A dart slug (D:2)
  3 leopard geckos
  79 orcs
  3 ball pythons
  8 bats
  11 giant cockroaches
  15 goblins
  21 hobgoblins
  12 jackals
  19 kobolds
  2 quokkas
  A frilled lizard (D:5)
  A jackal zombie (D:6)
  2 quokka skeletons
  A quokka zombie (D:5)
  10 rats
  A fungus (Lair:6)
680 creatures vanquished.

Vanquished Creatures (collateral kills)
  An ogre mage (D:14)
  A two-headed ogre (D:9)
  An orc high priest (Orc:2)
  2 unseen horrors
  An orc knight (Orc:2)
  A necromancer (IceCv)
  2 orc sorcerers
  A cyclops (Orc:1)
  An ugly thing (D:11)
  An ice statue (IceCv)
  A torpor snail (Lair:6)
  A spiny frog (Lair:1)
  2 rime drakes (Lair:4)
  A centaur skeleton (D:14)
  A yaktaur (D:14)
  A komodo dragon (D:11)
  2 trolls
  4 blink frogs
  A dream sheep (Lair:6)
  A flying skull (D:11)
  4 wraiths
  5 yaks
  A wyvern (D:13)
  A warg (Orc:1)
  A naga (Lair:3)
  3 water moccasins
  6 orc warriors
  A sky beast (D:7)
  A porcupine (Lair:2)
  2 ice beasts (IceCv)
  A black bear (D:10)
  2 ogres
  A wolf (Lair:5)
  2 centaurs
  4 crocodiles
  6 bullfrogs
  A wyvern zombie (D:11)
  A scorpion (D:10)
  4 killer bees
  A wight (D:11)
  A howler monkey (D:13)
  A centaur zombie (D:11)
  A hound (D:10)
  4 orc priests
  2 jellies
  7 orc wizards
  A worker ant (D:11)
  An adder (D:10)
  5 white imps (IceCv)
  2 oozes (D:9)
  An adder zombie (D:6)
  27 orcs
  2 kobolds (D:14)
  A quokka (D:9)
131 creatures vanquished.

Vanquished Creatures (others)
  A dancing weapon (D:9)
  26 hexers
  11 fungi
  8 plants
46 creatures vanquished.

Grand Total: 857 creatures vanquished

Notes
Turn   | Place    | Note
-------+----------+-------------------------------------------
     0 | D:1      | magipi the Gnoll Assassin began the quest for the Orb.
     0 | D:1      | Reached XP level 1. HP: 20/20 MP: 1/1
   226 | D:1      | Reached XP level 2. HP: 25/26 MP: 2/2
   583 | D:1      | Reached XP level 3. HP: 31/31 MP: 3/3
   872 | D:2      | Reached skill level 1 in Invocations
   952 | D:2      | Reached skill level 1 in Long Blades
   952 | D:2      | Reached skill level 1 in Axes
   952 | D:2      | Reached skill level 1 in Maces & Flails
   952 | D:2      | Reached skill level 1 in Polearms
   952 | D:2      | Reached skill level 1 in Staves
   952 | D:2      | Reached skill level 1 in Slings
   952 | D:2      | Reached skill level 1 in Bows
   952 | D:2      | Reached skill level 1 in Crossbows
   952 | D:2      | Reached skill level 1 in Armour
   952 | D:2      | Reached skill level 1 in Shields
   952 | D:2      | Reached skill level 1 in Unarmed Combat
   952 | D:2      | Reached skill level 1 in Spellcasting
   952 | D:2      | Reached skill level 1 in Evocations
   952 | D:2      | Reached XP level 4. HP: 38/38 MP: 5/5
  1636 | D:2      | Reached skill level 1 in Conjurations
  1636 | D:2      | Reached skill level 1 in Hexes
  1636 | D:2      | Reached skill level 1 in Charms
  1636 | D:2      | Reached skill level 1 in Summonings
  1636 | D:2      | Reached skill level 1 in Necromancy
  1636 | D:2      | Reached skill level 1 in Translocations
  1636 | D:2      | Reached skill level 1 in Transmutations
  1636 | D:2      | Reached skill level 1 in Fire Magic
  1636 | D:2      | Reached skill level 1 in Ice Magic
  1636 | D:2      | Reached skill level 1 in Air Magic
  1636 | D:2      | Reached skill level 1 in Earth Magic
  1636 | D:2      | Reached skill level 1 in Poison Magic
  1703 | D:2      | Noticed Sigmund
  1875 | D:2      | Noticed Robin
  1998 | D:2      | Killed Robin
  1998 | D:2      | Reached XP level 5. HP: 29/43 MP: 6/6
  2287 | D:2      | Found a runed door.
  2995 | D:3      | Noticed Jessica
  3701 | D:3      | Killed Jessica
  3701 | D:3      | Reached skill level 8 in Stealth
  3905 | D:4      | Reached XP level 6. HP: 39/50 MP: 8/8
  4077 | D:4      | Reached skill level 5 in Fighting
  4077 | D:4      | Reached skill level 5 in Short Blades
  4077 | D:4      | Reached skill level 5 in Throwing
  4619 | D:4      | Reached XP level 7. HP: 45/56 MP: 10/10
  5238 | D:5      | Entered Level 5 of the Dungeon
  5254 | D:5      | Found a glowing drain.
  5410 | Sewer    | Entered a sewer
  5476 | Sewer    | Noticed Purgy
  5478 | Sewer    | Killed Purgy
  5873 | D:5      | Reached XP level 8. HP: 63/63 MP: 12/12
  5907 | D:5      | Noticed Pikel
  5938 | D:5      | Killed Pikel
  6407 | D:6      | Reached XP level 9. HP: 69/69 MP: 14/14
  6627 | D:6      | Found a staircase to the Ecumenical Temple.
  6646 | Temple   | Entered the Ecumenical Temple
  6751 | Temple   | Became a worshipper of Hepliaklqana the Forgotten
  7398 | D:7      | Reached skill level 5 in Dodging
  7686 | D:7      | Found a radiant altar of Vehumet.
  7686 | D:7      | Reached * piety under Hepliaklqana
  7760 | D:7      | Reached skill level 9 in Stealth
  8002 | D:8      | Found a burning altar of Makhleb.
  8003 | D:8      | Noticed Erica
  8365 | D:8      | Noticed Maurice
  8370 | D:8      | Killed Maurice
  8370 | D:8      | Reached skill level 5 in Invocations
  8640 | D:8      | Reached XP level 10. HP: 69/69 MP: 15/17
  8790 | D:9      | Reached ** piety under Hepliaklqana
  8791 | D:9      | Remembered your ancestor Bohike as a hexer
  9042 | D:9      | Learned a level 2 spell: Ensorcelled Hibernation
  9046 | D:9      | Learned a level 3 spell: Confuse
  9050 | D:9      | Learned a level 3 spell: Tukima's Dance
  9178 | D:9      | Found Nud Dovo's Gadget Shoppe.
  9262 | D:9      | Found Vaokics's Weapon Emporium.
  9266 | D:9      | Noticed a two-headed ogre
  9275 | D:9      | Killed a two-headed ogre
  9275 | D:9      | Reached skill level 5 in Long Blades
  9275 | D:9      | Reached skill level 5 in Axes
  9275 | D:9      | Reached skill level 5 in Maces & Flails
  9275 | D:9      | Reached skill level 5 in Polearms
  9275 | D:9      | Reached skill level 5 in Staves
  9275 | D:9      | Reached skill level 5 in Slings
  9275 | D:9      | Reached skill level 5 in Bows
  9275 | D:9      | Reached skill level 5 in Crossbows
  9275 | D:9      | Reached skill level 5 in Armour
  9275 | D:9      | Reached skill level 5 in Shields
  9275 | D:9      | Reached skill level 5 in Unarmed Combat
  9275 | D:9      | Reached skill level 5 in Spellcasting
  9275 | D:9      | Reached skill level 5 in Evocations
  9756 | D:10     | Entered Level 10 of the Dungeon
  9998 | D:10     | Killed an unseen horror
 10040 | D:10     | Noticed a gargoyle
 10662 | D:10     | Found a staircase to the Orcish Mines.
 10847 | D:10     | Killed a gargoyle
 10847 | D:10     | Reached XP level 11. HP: 74/74 MP: 19/19
 10968 | D:11     | Noticed a purple ugly thing
 11062 | D:11     | Noticed a brown ugly thing
 11086 | D:11     | Killed a brown ugly thing
 11108 | D:11     | Reached *** piety under Hepliaklqana
 11110 | D:11     | Noticed a manticore
 11116 | D:11     | Killed a manticore
 11179 | D:11     | Reached skill level 5 in Conjurations
 11179 | D:11     | Reached skill level 5 in Hexes
 11179 | D:11     | Reached skill level 5 in Charms
 11179 | D:11     | Reached skill level 5 in Summonings
 11179 | D:11     | Reached skill level 5 in Necromancy
 11179 | D:11     | Reached skill level 5 in Translocations
 11179 | D:11     | Reached skill level 5 in Transmutations
 11179 | D:11     | Reached skill level 5 in Fire Magic
 11179 | D:11     | Reached skill level 5 in Ice Magic
 11179 | D:11     | Reached skill level 5 in Air Magic
 11179 | D:11     | Reached skill level 5 in Earth Magic
 11179 | D:11     | Reached skill level 5 in Poison Magic
 11339 | D:11     | Found a staircase to the Lair.
 11413 | D:11     | Noticed a necromancer
 11420 | D:11     | Noticed a necromancer
 11607 | D:11     | Reached skill level 10 in Stealth
 11859 | D:11     | Killed a necromancer
 11993 | D:11     | Killed a purple ugly thing
 12020 | D:11     | HP: 1/77 [something/bolt of fire (32)]
 12026 | D:11     | Killed a necromancer
 12145 | D:11     | Reached XP level 12. HP: 83/83 MP: 22/22
 12423 | Lair:1   | Entered Level 1 of the Lair of Beasts
 12670 | Lair:1   | Noticed Nergalle
 12685 | Lair:1   | Killed Nergalle
 12730 | Lair:1   | Noticed Harold
 12736 | Lair:1   | Killed Harold
 12798 | Lair:1   | Noticed Joseph
 12799 | Lair:1   | Killed Joseph
 13662 | Lair:2   | Found a staircase to the Swamp.
 13996 | Lair:2   | Reached **** piety under Hepliaklqana
 14438 | Lair:3   | Found a shimmering altar of Xom.
 14459 | Lair:3   | Reached XP level 13. HP: 90/90 MP: 19/24
 14649 | Lair:3   | Got a scorched glaive
 14779 | Lair:3   | Found a staircase to the Snake Pit.
 15090 | Lair:4   | Identified the +5 glaive of Judgement {chop, -Tele Str+3} (You found it on level 3 of the Lair of Beasts)
 15125 | Lair:4   | Found a frozen archway.
 15185 | IceCv    | Entered an ice cave
 15205 | IceCv    | Reached skill level 11 in Stealth
 16152 | IceCv    | Found an ancient bone altar of Kikubaaqudgha.
 17321 | Lair:4   | Got an ichor-stained leather armour
 17379 | Lair:4   | Learned a level 3 spell: Ozocubu's Armour
 17384 | Lair:4   | Learned a level 4 spell: Summon Ice Beast
 17822 | Lair:5   | Identified the cursed +1 leather armour of Vanity {*Drain Str+2 Int+4} (You found it on level 4 of the Lair of Beasts)
 17872 | Lair:5   | Found a blossoming altar of Fedhas.
 17956 | Lair:5   | Reached ***** piety under Hepliaklqana
 18544 | Lair:6   | Entered Level 6 of the Lair of Beasts
 18845 | Lair:6   | Found a snail-covered altar of Cheibriados.
 19483 | Orc:1    | Entered Level 1 of the Orcish Mines
 19483 | Orc:1    | Noticed Josephine
 19592 | D:10     | Killed Josephine
 19592 | D:10     | Reached XP level 14. HP: 61/98 MP: 26/26
 19961 | Orc:1    | Noticed Urug
 19984 | Orc:1    | Killed Urug
 20428 | Orc:2    | Entered Level 2 of the Orcish Mines
 20448 | Orc:2    | Reached skill level 10 in Fighting
 20448 | Orc:2    | Reached skill level 10 in Short Blades
 20448 | Orc:2    | Reached skill level 10 in Throwing
 21013 | Orc:2    | Found Xuontemn's Magic Scroll Boutique.
 21109 | Orc:2    | Bought 2 scrolls of identify for 60 gold pieces
 21109 | Orc:2    | Bought a scroll of teleportation for 45 gold pieces
 21109 | Orc:2    | Bought a scroll of identify for 30 gold pieces
 21109 | Orc:2    | Bought a scroll of identify for 30 gold pieces
 21109 | Orc:2    | Bought a scroll of identify for 30 gold pieces
 21109 | Orc:2    | Bought a scroll of teleportation for 45 gold pieces
 21116 | Orc:2    | Found Icivian's Antique Weapon Shop.
 21170 | Orc:2    | Found a roughly hewn altar of Beogh.
 21894 | Orc:2    | Reached skill level 10 in Invocations
 22156 | Orc:2    | Found a staircase to the Elven Halls.
 22813 | Orc:2    | Noticed Saint Roka
 22848 | Orc:2    | Killed Saint Roka
 23045 | Orc:2    | Found a roughly hewn altar of Beogh.
 23850 | Orc:2    | Found Ufiazuk's Armour Emporium.
 24083 | Orc:2    | Reached skill level 12 in Stealth
 24304 | Orc:2    | Found Ejeg Via's General Store.
 24315 | Orc:2    | Bought a scroll of identify for 28 gold pieces
 24315 | Orc:2    | Bought a scroll of identify for 28 gold pieces
 24980 | D:2      | Found a runed door.
 25001 | D:2      | Noticed Crazy Yiuf
 25007 | D:2      | Killed Crazy Yiuf
 25315 | D:2      | Killed Sigmund
 25565 | D:8      | Killed Erica
 25565 | D:8      | Reached XP level 15. HP: 105/105 MP: 28/28
 26027 | D:12     | Reached ****** piety under Hepliaklqana
 26240 | D:12     | Reached skill level 10 in Dodging
 29545 | D:13     | Reached skill level 10 in Long Blades
 29545 | D:13     | Reached skill level 10 in Axes
 29545 | D:13     | Reached skill level 10 in Maces & Flails
 29545 | D:13     | Reached skill level 10 in Polearms
 29545 | D:13     | Reached skill level 10 in Staves
 29545 | D:13     | Reached skill level 10 in Slings
 29545 | D:13     | Reached skill level 10 in Bows
 29545 | D:13     | Reached skill level 10 in Crossbows
 29545 | D:13     | Reached skill level 10 in Armour
 29545 | D:13     | Reached skill level 10 in Shields
 29545 | D:13     | Reached skill level 10 in Unarmed Combat
 29545 | D:13     | Reached skill level 10 in Spellcasting
 29545 | D:13     | Reached skill level 10 in Evocations
 30949 | D:14     | Found a gate to the Vaults.
 31590 | D:15     | Entered Level 15 of the Dungeon
 31641 | D:15     | Found a labyrinth entrance.
 32274 | D:15     | HP: 2/106 [two-headed ogre/giant club (26)]
 32275 | D:15     | Slain by an ogre mage

Skill      XL: |  1  2  3  4  5  6  7  8  9 10 11 12 13 14 15 |
---------------+----------------------------------------------+-----
Invocations    | 1 2 3 4 5 6 7 8 9 10 11 | 11.1
Long Blades    | 1 2 3 4 5 6 7 8 9 10 | 10.2
Axes           | 1 2 3 4 5 6 7 8 9 10 | 10.2
Maces & Flails | 1 2 3 4 5 6 7 8 9 10 | 10.2
Polearms       | 1 2 3 4 5 6 7 8 9 10 | 10.2
Staves         | 1 2 3 4 5 6 7 8 9 10 | 10.2
Slings         | 1 2 3 4 5 6 7 8 9 10 | 10.2
Bows           | 1 2 3 4 5 6 7 8 9 10 | 10.2
Crossbows      | 1 2 3 4 5 6 7 8 9 10 | 10.2
Armour         | 1 2 3 4 5 6 7 8 9 10 | 10.2
Shields        | 1 2 3 4 5 6 7 8 9 10 | 10.2
Unarmed Combat | 1 2 3 4 5 6 7 8 9 10 | 10.2
Spellcasting   | 1 2 3 4 5 6 7 8 9 10 | 10.2
Evocations     | 1 2 3 4 5 6 7 8 9 10 | 10.2
Conjurations   | 1 2 3 4 5 6 7 8 |  8.6
Hexes          | 1 2 3 4 5 6 7 8 |  8.6
Charms         | 1 2 3 4 5 6 7 8 |  8.6
Summonings     | 1 2 3 4 5 6 7 8 |  8.6
Necromancy     | 1 2 3 4 5 6 7 8 |  8.6
Translocations | 1 2 3 4 5 6 7 8 |  8.6
Transmutations | 1 2 3 4 5 6 7 8 |  8.6
Fire Magic     | 1 2 3 4 5 6 7 8 |  8.6
Ice Magic      | 1 2 3 4 5 6 7 8 |  8.6
Air Magic      | 1 2 3 4 5 6 7 8 |  8.6
Earth Magic    | 1 2 3 4 5 6 7 8 |  8.6
Poison Magic   | 1 2 3 4 5 6 7 8 |  8.6
Dodging        | 3 4 5 6 7 8 9 10 | 10.5
Stealth        | 8 9 10 11 12 | 12.5
Fighting       | 5 6 7 8 9 10 11 | 11.1
Short Blades   | 5 6 7 8 9 10 11 | 11.1
Throwing       | 5 6 7 8 9 10 11 | 11.1

Action                   |  1- 3 |  4- 6 |  7- 9 | 10-12 | 13-15 || total
-------------------------+-------+-------+-------+-------+-------++-------
Melee: Dagger            |    82 |   258 |   137 |    80 |   178 ||   735
       Bite              |     6 |    38 |    45 |    98 |   213 ||   400
       Punch             |       |     2 |     9 |    25 |    83 ||   119
       Flail             |       |     3 |   134 |       |       ||   137
       Whip              |       |       |    33 |   556 |  1320 ||  1909
       Halberd           |       |       |     9 |       |       ||     9
       Broad axe         |       |       |       |    48 |       ||    48
 Fire: Blowgun           |     8 |    34 |    15 |       |       ||    57
Throw: Javelin           |       |       |       |       |     3 ||     3
 Cast: Confuse           |       |       |       |     4 |    23 ||    27
       Tukima's Dance    |       |       |       |     2 |       ||     2
       Ensorcelled Hiber |       |       |       |    14 |    14 ||    28
       Ozocubu's Armour  |       |       |       |       |     6 ||     6
Invok: Recall Ancestor   |       |       |     1 |     2 |     8 ||    11
       Ancestor Identity |       |       |     1 |       |       ||     1
       Ancestor Life: He |       |       |       |     1 |       ||     1
Evoke: Wand              |       |       |     1 |     4 |    47 ||    52
       Lamp of fire      |       |       |       |       |     1 ||     1
  Use: Scroll            |       |     9 |     6 |    12 |    15 ||    42
       Potion            |       |       |       |    10 |     9 ||    19
 Stab: Sleeping          |     8 |    22 |    22 |    13 |    47 ||   112
       Distracted        |       |       |     4 |     7 |    27 ||    38
       Paralysed         |       |       |     1 |       |    38 ||    39
       Confused          |       |       |       |    17 |    46 ||    63
       Invisible         |       |       |       |     4 |     3 ||     7
  Eat: Chunk             |       |    10 |    10 |    12 |    34 ||    66
       Ration            |       |       |     1 |     3 |     7 ||    11
Armor: Robe              |     7 |    15 |       |       |   156 ||   178
       Ring mail         |       |    39 |    29 |       |       ||    68
       Troll leather arm |       |       |    65 |   151 |    98 ||   314
       Chain mail        |       |       |       |       |    86 ||    86
Dodge: Dodged            |    38 |   118 |   204 |   440 |  1033 ||  1833

Action                   |  1- 3 |  4- 6 |  7- 9 | 10-12 | 13-15 || total
-------------------------+-------+-------+-------+-------+-------++-------
Melee: Dagger            |    82 |   258 |   137 |    80 |   178 ||   735
       Bite              |     6 |    38 |    45 |    98 |   213 ||   400
       Punch             |       |     2 |     9 |    25 |    83 ||   119
       Flail             |       |     3 |   134 |       |       ||   137
       Whip              |       |       |    33 |   556 |  1320 ||  1909
       Halberd           |       |       |     9 |       |       ||     9
       Broad axe         |       |       |       |    48 |       ||    48
 Fire: Blowgun           |     8 |    34 |    15 |       |       ||    57
Throw: Javelin           |       |       |       |       |     3 ||     3
 Cast: Confuse           |       |       |       |     4 |    23 ||    27
       Tukima's Dance    |       |       |       |     2 |       ||     2
       Ensorcelled Hiber |       |       |       |    14 |    14 ||    28
       Ozocubu's Armour  |       |       |       |       |     6 ||     6
Invok: Recall Ancestor   |       |       |     1 |     2 |     8 ||    11
       Ancestor Identity |       |       |     1 |       |       ||     1
       Ancestor Life: He |       |       |       |     1 |       ||     1
Evoke: Wand              |       |       |     1 |     4 |    47 ||    52
       Lamp of fire      |       |       |       |       |     1 ||     1
  Use: Scroll            |       |     9 |     6 |    12 |    15 ||    42
       Potion            |       |       |       |    10 |     9 ||    19
 Stab: Sleeping          |     8 |    22 |    22 |    13 |    47 ||   112
       Distracted        |       |       |     4 |     7 |    27 ||    38
       Paralysed         |       |       |     1 |       |    38 ||    39
       Confused          |       |       |       |    17 |    46 ||    63
       Invisible         |       |       |       |     4 |     3 ||     7
  Eat: Chunk             |       |    10 |    10 |    12 |    34 ||    66
       Ration            |       |       |     1 |     3 |     7 ||    11
Armor: Robe              |     7 |    15 |       |       |   156 ||   178
       Ring mail         |       |    39 |    29 |       |       ||    68
       Troll leather arm |       |       |    65 |   151 |    98 ||   314
       Chain mail        |       |       |       |       |    86 ||    86
Dodge: Dodged            |    38 |   118 |   204 |   440 |  1033 ||  1833
